 Dungeon Sprint DCSS version 0.29-a0-717-g6dac4ea423 (webtiles) character file.

Game seed: 4060518253290301745

455 mhtbhm the Covert (level 6, 0/30 HPs)
             Began as a Spriggan Enchanter on June 26, 2022.
             Was an Initiate of Dithmenos.
             Slain by Sonja
             ... wielding a +0 dagger of distortion
              (1 damage)
             ... in the Dungeon (Sprint I: "Red Sonja").
             The game lasted 00:00:56 (511 turns).

mhtbhm the Covert (Spriggan Enchanter)               Turns: 511, Time: 00:00:56

Health: 0/30       AC:  2    Str:  4    XL:     6   Next: 76%
Magic:  13/17      EV: 21    Int: 16    God:    Dithmenos [......]
Gold:   297        SH:  0    Dex: 18    Spells: 9/20 levels left

rFire   . . .      SeeInvis +   a - +1 dagger
rCold   . . .      Faith    .   (no shield)
rNeg    . . .      Spirit   .   b - +0 robe
rPois   .          Reflect  .   (helmet restricted)
rElec   .          Harm     .   (no cloak)
rCorr   .          Rampage  .   (gloves unavailable)
Will    +....      NoTele   +   (boots unavailable)
Stlth   +++++.....              (no amulet)
HPRegen 0.10/turn               (no ring)
MPRegen 0.15/turn               (no ring)

@: very quick
A: very small, no large weapons, unfitting armour, see invisible, speed 3
a: Renounce Religion


You were in the Dungeon.
You worshipped Dithmenos.
Dithmenos was noncommittal.
You visited 1 branch You collected 297 gold pieces.

Inventory:

Hand Weapons
 a - a +1 dagger (weapon)
Armour
 b - a +0 robe (worn)
Wands
 h - a wand of iceblast (13)
Scrolls
 i - a scroll of blinking
 j - 2 scrolls of identify {unknown}
Potions
 c - 2 potions of invisibility
 d - a potion of curing
 e - a potion of heal wounds
 f - a potion of haste
 g - 2 potions of magic


   Skills:
 + Level 1.5 Fighting
 + Level 4.2 Short Blades
 + Level 6.7 Dodging
 + Level 12.3 Stealth
 + Level 7.6 Spellcasting
 + Level 11.0 Hexes
 + Level 0.7 Ice Magic


You had 9 spell levels left.
You knew the following spells:

 Your Spells              Type           Power      Damage    Failure   Level
a - Ensorcelled Hibernat  Hex/Ice        50%        N/A       1%          2
b - Confusing Touch       Hex            41%        N/A       1%          3
c - Tukima's Dance        Hex            41%        N/A       1%          3
d - Dazzling Flash        Conj/Hex       46%        N/A       3%          3

Your spell library contained the following spells:

 Spells                   Type           Power      Damage    Failure   Level


Dungeon Overview and Level Annotations

Branches:
Dungeon (1/1)

Altars:
Cheibriados
Dithmenos
Elyvilon
Fedhas
Gozag
Hepliaklqana
Kikubaaqudgha
Nemelex Xobeh
Okawaru
Qazlal
Ru
Sif Muna
Trog
Uskayaw
Vehumet
Wu Jian
Yredelemnul
Zin
The Shining One

Shops:
D [

Annotations:
D Sonja


Innate Abilities, Weirdness & Mutations

You are very small and have problems with some larger weapons.
You are too small for most types of armour.
You have supernaturally acute eyesight. (SInv)
You cover ground extremely quickly. (Speed+++)


Message History

j - 2 scrolls labelled XUZUNO GUOKKUT (gained 1)
There is a shimmering blue altar of Sif Muna here.
You open the door.
Found 135 gold pieces.
There is an open door here.
You now have 189 gold pieces (gained 27).
You now have 216 gold pieces (gained 27).
You now have 243 gold pieces (gained 27).
You now have 270 gold pieces (gained 27).
You now have 297 gold pieces (gained 27).
There is an open door here.
Okay, then.
You open the door.
Sonja, the Graceful Assassin comes into view.
She is wielding a +0 dagger of distortion and quivering curare-tipped darts.
Found 108 gold pieces.
There is an open door here.
Sonja shouts!
Casting: Ensorcelled Hibernation (safe; 1% risk of failure)
Confirm with . or Enter, or press ? or * to list all spells.
Aiming: Ensorcelled Hibernation (safe; 1% risk of failure)
Press: ? - help, Shift-Dir - straight line, f - Sonja
Aim: Sonja, wielding a +0 dagger of distortion and quivering curare-tipped darts (chance to affect: 65%) Sonja resists with significant effort.
Sonja hits you with a +0 dagger of distortion.
Space warps horribly around you!
Sonja hits you with a +0 dagger of distortion.
Space warps around you.
* * * LOW HITPOINT WARNING * * *
Sonja closely misses you.
Unknown command.
Casting: Ensorcelled Hibernation (safe; 1% risk of failure)
Confirm with . or Enter, or press ? or * to list all spells.
Aiming: Ensorcelled Hibernation (safe; 1% risk of failure)
Press: ? - help, Shift-Dir - straight line, f/p - Sonja
Aim: Sonja, wielding a +0 dagger of distortion and quivering curare-tipped darts (chance to affect: 65%) Sonja resists with significant effort.
Sonja hits you with a +0 dagger of distortion.
* * * LOW HITPOINT WARNING * * *
Sonja hits you with a +0 dagger of distortion.
You die...

#..)..#.)').#..+
#..#####'#####'#
#..####..#...#)#
#..#__####..##.#
#..#_____##'#_.+
#⌠⌠#_.∩...'..._#
####_..__##_.#'#
#_____###'#.#
####### #@###


+$K$+ #$.$# ##.## #+# You could see Sonja.

Vanquished Creatures
  Sigmund (D)
  A yak (D)
  An ogre (D)
  A jelly (D)
  Ijyb (D)
5 creatures vanquished.

Notes
Turn   | Place    | Note
-------+----------+-------------------------------------------
     0 | D        | mhtbhm the Spriggan Enchanter began the quest for the Orb.
     0 | D        | Reached XP level 1. HP: 9/9 MP: 5/5
     2 | D        | Noticed Ijyb
    12 | D        | Killed Ijyb
    13 | D        | Reached skill level 6 in Stealth
    13 | D        | Reached skill level 5 in Hexes
    13 | D        | Reached XP level 2. HP: 2/13 MP: 5/7
   298 | D        | Learned a level 2 spell: Ensorcelled Hibernation
   298 | D        | Noticed an ogre
   301 | D        | Killed an ogre
   302 | D        | Reached skill level 9 in Stealth
   302 | D        | Reached XP level 3. HP: 17/17 MP: 8/10
   302 | D        | Reached XP level 4. HP: 21/21 MP: 8/11
   330 | D        | Noticed Sigmund
   337 | D        | Killed Sigmund
   338 | D        | Reached skill level 1 in Fighting
   338 | D        | Reached skill level 5 in Dodging
   338 | D        | Reached skill level 11 in Stealth
   338 | D        | Reached skill level 10 in Hexes
   338 | D        | Reached XP level 5. HP: 21/25 MP: 1/15
   338 | D        | Reached XP level 6. HP: 25/30 MP: 1/16
   424 | D        | Learned a level 3 spell: Confusing Touch
   428 | D        | Learned a level 3 spell: Tukima's Dance
   432 | D        | Learned a level 3 spell: Dazzling Flash
   439 | D        | Found an ornate altar of the Wu Jian Council.
   439 | D        | Found a shimmering blue altar of Sif Muna.
   441 | D        | Found a radiant altar of Vehumet.
   451 | D        | Found Roting's Armour Emporium.
   451 | D        | Found an ancient bone altar of Kikubaaqudgha.
   451 | D        | Found a hazy altar of Hepliaklqana.
   451 | D        | Found a stormy altar of Qazlal.
   451 | D        | Found a hide-covered altar of Uskayaw.
   451 | D        | Found a blossoming altar of Fedhas.
   451 | D        | Found a bloodstained altar of Trog.
   451 | D        | Found an iron altar of Okawaru.
   451 | D        | Found a basalt altar of Yredelemnul.
   451 | D        | Found a glowing golden altar of the Shining One.
   451 | D        | Found a snail-covered altar of Cheibriados.
   451 | D        | Found a sacrificial altar of Ru.
   451 | D        | Found a glowing silver altar of Zin.
   451 | D        | Found a shadowy altar of Dithmenos.
   451 | D        | Found a white marble altar of Elyvilon.
   451 | D        | Noticed a yak
   452 | D        | Found an opulent altar of Gozag.
   453 | D        | Killed a yak
   454 | D        | Reached skill level 12 in Stealth
   454 | D        | Found a sparkling altar of Nemelex Xobeh.
   462 | D        | Became a worshipper of Dithmenos the Shadowed
   507 | D        | Noticed Sonja
   511 | D        | HP: 1/30 [Sonja/+0 dagger of distortion (6)]
   511 | D        | Slain by Sonja

Illustrated notes

Levels and vault maps discovered:
D:        dungeon_sprint_1 [red_sonja_temple_1, red_sonja_temple_small_1]

Skill      XL: |  1  2  3  4  5  6 |
---------------+-------------------+-----
Dodging        | 3 4 5 6 |  6.7
Stealth        | 6 9 11 12 | 12.3
Spellcasting   | 3 4 6 7 |  7.6
Hexes          | 5 7 10 11 | 11.0
Short Blades   | 2 3 4 |  4.2
Fighting       | 1 |  1.5
Ice Magic      | |  0.7

Action                   |  1- 3 |  4- 6 || total
-------------------------+-------+-------++-------
Melee: Dagger            |    10 |     3 ||    13
 Cast: Ensorcelled Hiber |       |     8 ||     8
  Use: Potion            |     1 |       ||     1
 Stab: Sleeping          |     1 |     3 ||     4
Dodge: Dodged            |     1 |     4 ||     5

Table legend: (Time is in decaauts)
 A = Elapsed time spent in this place.
 B = Non-inter-level travel time spent in this place.
 C = Inter-level travel time spent in this place.
 D = Time resting spent in this place.
 E = Time spent auto-exploring this place.
 F = Levels seen in this place.
 G = Mean time per level.
                   A        B        C        D        E       F      G
               +--------+--------+--------+--------+--------+-----+--------+
         Total |    485 |    485 |      0 |    381 |      0 |   1 |  485.0 |
       Dungeon |    485 |    485 |      0 |    381 |      0 |   1 |  485.0 |
               +--------+--------+--------+--------+--------+-----+--------+

Top non-repeatable levels by time:
       D: 485 daAuts
